groovejumper, chaotic female elven Wizard # --------- #..{.....| -------- ------- #|......>|###############(0+......| |d....| #|.......|# |......| |d....| #--.--.---# |......| |..d#..########--- # ########### ##-......| |....d| #.... # ## # # ----|--- #.....@| |......... # ###### ### ### # ### #------- |..$.......| # # # # # # #### |.. .......| # ### ### ## ### #####[####[%########## |.. ......| -------# # ----.----+----# #----|-##------[ |.. ....| |.....|### |............|# ##.............# --- ----- |.....-# |.............# #|............| |.....| ##+............| #|............| |.....| # |.........<...#########-------------- |......###### -------------- # ------- groovejumper the Thaumaturge Experience level: 7 Strength: 9 Dexterity: 12 Constitution: 16 Intelligence: 20 Wisdom: 9 Charisma: 12 Health: 0(48) Energy: 2(77) AC: 5 Gold: 338 Moves: 2566 Your Inventory: Coins $ - 338 gold pieces Weapons a - a blessed +1 quarterstaff (weapon in hands) w - 9 [uncursed +0] darts Armor b - an uncursed +0 cloak of magic resistance (being worn) s - an [uncursed] +0 studded leather armor (being worn) x - an [uncursed] +0 cornuthaum (being worn) z - an [uncursed] +0 pair of riding gloves [leather] (being worn) Comestibles B - an [uncursed] food ration Scrolls i - a blessed scroll of identify j - an uncursed scroll of light k - an uncursed scroll of teleportation C - an [uncursed] scroll of identify Spellbooks l - a blessed spellbook of force bolt m - an uncursed spellbook of cure sickness A - an [uncursed] spellbook of sleep Potions f - 2 uncursed potions of invisibility h - 3 uncursed clear potions [of water] Rings d - an uncursed +1 ring of protection e - an uncursed +3 ring of increase accuracy Wands c - an uncursed wand of locking (0:4) q - an [uncursed] oak wand [of light (0:12)] G - an [uncursed] titanium wand [of undead turning (0:8)] Tools o - an uncursed key [skeleton key] r - an [uncursed] key [skeleton key] t - an [uncursed] credit card D - an [uncursed] can of grease [0:14] F - an [uncursed] lock pick Spells known in the end: Name Level Category Fail Memory a - force bolt 1 attack 0% [||||||||] b - cure sickness 3 healing 63% [||||||||] c - sleep 1 enchantment 0% [||||||||] Your skills at the end: Fighting Skills Weapon Skills quarterstaff [Basic / Expert] Spellcasting Skills attack spells [Basic / Expert] enchantment spells [Basic / Skilled] Final Attributes: You were piously aligned. Hunger level was 215. Your alignment was 22 / 22. Monster difficulty range was 0 - 6. Level difficulty was 5. You were immune to sleep. You were magic-protected. You saw invisible. You were clairvoyant. You had infravision. Your luck was zero. You are dead. Vanquished creatures: a leprechaun a human zombie 3 Uruk-hai a gnome lord a floating eye a kitten a homunculus 4 rothes 4 giant bats 4 iguanas 9 killer bees an acid blob 2 coyotes 2 gas spores a hobbit 4 manes 3 cave spiders a red mold 3 geckos 5 jackals 5 foxes 2 goblins a sewer rat 6 grid bugs 5 lichens 3 newts 74 creatures vanquished. Voluntary challenges: You used a wielded weapon 56 times. You read items or engraved 16 times. You put on armor 6 times. You never genocided any monsters. You never polymorphed an object. You never changed form. You used no wishes. You wrote Elbereth's name 11 times. You never encountered a bones level. You never used any Sokoban shortcuts. Dungeon overview: The Dungeons of Doom: levels 1 to 5 Level 1 an altar a long staircase Level 2 a potion shop, a fountain a long staircase Level 3 an armor shop, some fountains Level 4 an armor shop, some fountains Level 5 <- You were here a fountain, a sink History has recorded: On T:1 you entered the Dungeons of Doom to retrieve the Amulet of Yendor! On T:610 you advanced to experience level 2. On T:807 you reached level 2 of The Dungeons of Doom. On T:861 you advanced to experience level 3. On T:1036 you advanced to experience level 4. On T:1118 you reached level 3 of The Dungeons of Doom. On T:1397 you advanced to experience level 5. On T:1540 you reached level 4 of The Dungeons of Doom. On T:1798 you reached level 5 of The Dungeons of Doom. On T:1830 you advanced to experience level 6. On T:2110 you advanced to experience level 7. Latest messages: Done. The werewolf hits! [HP-7=41] The werewolf hits! [HP-7=34] The spell hits the werewolf! The werewolf resists! The werewolf summons help! The werewolf just misses! You hit the werewolf! The wolf bites! (2x) The werewolf hits! [HP-15=19] You add "Elbereth" with your fingers to the writing in the dust. The wolf turns to flee! (2x) The werewolf hits! [HP-7=12] You hit the werewolf! The werewolf changes into a wolf. The werewolf bites! [HP-6=6] You add "Elbereth" with your fingers to the writing in the dust. The werewolf bites! You die... Final status: Goodbye groovejumper the Wizard... You died in The Dungeons of Doom on dungeon level 5 with 2853 points, and 338 pieces of gold, after 2566 moves. You were level 7 with a maximum of 48 hit points when you died.